 Seeded DCSS version 0.29.1-12-g30fa7ad0bf (webtiles) character file.

Game seed: 18334199546629406935 (custom seed)

119 mathmaestro the Grave Robber (level 4, 0/33 HPs)
             Began as a Demonspawn Necromancer on Jan 7, 2023.
             Constricted to death by a ball python (1 damage)
             ... in a sewer.
             The game lasted 00:07:15 (2323 turns).

mathmaestro the Grave Robber (DsNe)                 Turns: 2323, Time: 00:07:16

Health: 0/33       AC:  4    Str: 14    XL:     4   Next: 73%
Magic:  1/8        EV:  9    Int: 19    God:
Gold:   61         SH:  0    Dex: 13    Spells: 0/8 levels left

rFire   . . .      SeeInvis .   i - +4 whip
rCold   . . .      Faith    .   (no shield)
rNeg    . . .      Spirit   .   a - +0 robe
rPois   .          Reflect  .   (helmet restricted)
rElec   .          Harm     .   (no cloak)
rCorr   .          Rampage  .   l - +0 pair of gloves
Will    .....                   (no boots)
Stlth   ++........              (no amulet)
HPRegen 0.11/turn               k - +6 ring of strength
MPRegen 0.11/turn               m - ring of flight

@: about to teleport, animating dead, flying, constricted
A: antennae 1, rugged brown scales 1
a: no special abilities


You were in a sewer.
You visited 1 branch of the dungeon, and saw 3 of its levels.
You also visited: Sewer.

You collected 61 gold pieces.

Inventory:

Hand Weapons
 i - a +4 whip (weapon)
 r - a +0 hand axe
Armour
 a - a +0 robe (worn)
 l - a +0 pair of gloves (worn)
Jewellery
 k - a +6 ring of strength (left hand)
 m - a ring of flight (right hand)
Scrolls
 e - 4 scrolls of identify {unknown}
 f - a scroll of immolation {unknown}
 g - 2 scrolls of teleportation
 n - 2 scrolls of magic mapping {unknown}
 x - a scroll of amnesia {unknown}
Potions
 b - a potion of magic
 c - 2 potions of curing {unknown}
 d - 2 potions of might {unknown}
 h - 2 potions of attraction {unknown}
 j - 2 potions of haste {unknown}
 q - a potion of flight {unknown}
 s - a potion of degeneration {unknown}
 t - a potion of heal wounds {unknown}
 u - a potion of cancellation {unknown}
 v - a potion of mutation {unknown}
 w - a potion of invisibility {unknown}


   Skills:
 + Level 1.7 Fighting
 + Level 2.5 Dodging
 + Level 2.6 Stealth
 + Level 2.7 Spellcasting
 + Level 4.9 Necromancy


You couldn't memorise any spells.
You knew the following spells:

 Your Spells              Type           Power      Damage    Failure   Level
a - Necrotise             Necr           84%        1d8       1%          1
b - Vampiric Draining     Necr           21%        2d7       6%          3
c - Animate Dead          Necr           21%        N/A       21%         4

Your spell library contained the following spells:

 Spells                   Type           Power      Damage    Failure   Level
 Slow                     Hex            8%         N/A       16%         1
 Confusing Touch          Hex            2%         N/A       43%         3
 Agony                    Necr           21%        N/A       50%         5


Dungeon Overview and Level Annotations

Branches:
Dungeon (3/15)              Sewer (1/1)

Altars:


Innate Abilities, Weirdness & Mutations

You have a pair of small antennae on your head.
You are partially covered in rugged brown scales. (AC +1, +3% HP)


Message History

As you read the scroll labelled WAJ WINYLAODI, it crumbles to dust.
The scroll dissolves into smoke.
It was a scroll of fog.
The bullfrog barely misses you. x2; The ball python closely misses you.
The ball python constricts you. The bullfrog hits you.
Your frilled lizard zombie barely misses the ball python.
Your ball python zombie closely misses the bullfrog.
Your ball python zombie grabs the bullfrog.
Your ball python zombie constricts the bullfrog.
Unknown command.
Okay, then.
Unknown command.
You escape the ball python's grasp.
The bullfrog attacks as you move away! The bullfrog completely misses you.
The ball python attacks as you move away!
The ball python completely misses you.
The bullfrog struggles to escape constriction.
The bullfrog hits you.
Your ball python zombie loses its grip on the bullfrog.
The air fills with toxic fumes!
As you read the scroll labelled SUKLEE VOUSMI, it crumbles to dust.
It was a scroll of poison.
The ball python closely misses you. The ball python grabs you.
The ball python constricts you. The bullfrog hits you.
* * * LOW HITPOINT WARNING * * *
The bullfrog closely misses you.
Your ball python zombie closely misses the bullfrog. x2
The ball python closely misses you. The ball python constricts you.
* * * LOW HITPOINT WARNING * * *
Unknown command.
As you read the scroll labelled QOHICSYIMA, it crumbles to dust.
You feel strangely unstable.
It was a scroll of teleportation.
The bullfrog closely misses you. The bullfrog misses you.
Your ball python zombie barely misses the bullfrog. x2
Your frilled lizard zombie barely misses the ball python.
The bullfrog hits you.
* * * LOW HITPOINT WARNING * * *
The ball python bites you.
* * * LOW HITPOINT WARNING * * *
The ball python constricts you.
You die...

###################
..#~≈§§§§§§§§§§§≈≈..###
...~≈≈Z#§§§§§§§§≈~~...##
...~~§§F@§§§§§§§~~~....#
...#~§ZSF§§§§§§§~~~....#
...~≈≈§§§§§§§§§§~≈.....##
...~≈≈≈≈≈≈§§§§§§≈~......#
####################....#
####...# #..#....
#..'.... #####...


You could see 2 bullfrogs, a ball python (ally target), a friendly frilled
lizard zombie and a friendly ball python zombie.

Vanquished Creatures
  A river rat (Sewer)
  4 adders (Sewer)
  A gnoll (D:2)
  A worm (D:3)
  3 endoplasms
  A giant cockroach (D:1)
  3 hobgoblins
  2 quokkas
  14 ball pythons
  3 bats
  2 frilled lizards (Sewer)
  4 kobolds
  20 rats
59 creatures vanquished.

Vanquished Creatures (collateral kills)
  A bat (D:1)
  4 ball pythons
  7 rats
12 creatures vanquished.

Grand Total: 71 creatures vanquished

Notes
Turn   | Place    | Note
-------+----------+-------------------------------------------
     0 | D:1      | mathmaestro the Demonspawn Necromancer began the quest for
                  | the Orb.
     0 | D:1      | Reached XP level 1. HP: 13/13 MP: 3/3
   254 | D:1      | Gained mutation: You are partially covered in rugged brown
                  | scales. (AC +1, +3% HP) [demonic ancestry]
   254 | D:1      | Reached XP level 2. HP: 9/20 MP: 0/5
  1152 | D:2      | Reached skill level 1 in Fighting
  1152 | D:2      | Reached XP level 3. HP: 26/26 MP: 1/6
  1694 | D:3      | Found a glowing drain.
  1736 | Sewer    | Entered a sewer
  2004 | Sewer    | Gained mutation: You have a pair of small antennae on your
                  | head. [demonic ancestry]
  2004 | Sewer    | Reached XP level 4. HP: 32/32 MP: 1/7
  2187 | Sewer    | Learned a level 3 spell: Vampiric Draining
  2192 | Sewer    | Learned a level 4 spell: Animate Dead
  2313 | Sewer    | Noticed a bullfrog
  2313 | Sewer    | Noticed a bullfrog
  2323 | Sewer    | HP: 1/33 [ball python (3)]
  2323 | Sewer    | Constricted to death by a ball python

Illustrated notes

Levels and vault maps discovered:
D:1:      shiori_shiawase, layout_loops_ring, st_stairs_7
D:2:      layout_basic, minmay_large_rounded_square
D:3:      layout_basic, portal_sewer_entry_a, hellmonk_ecumenical_altar_blasted
Sewer:    sewer_minmay_w

Skill      XL: |  1  2 |
---------------+-------+-----
Stealth        | 2 |  2.6
Dodging        | 2 |  2.5
Fighting       | 1 |  1.7
Spellcasting   | |  2.7
Necromancy     | |  4.9

Action                   |  1- 3 |  4- 6 || total
-------------------------+-------+-------++-------
Melee: Whip              |    23 |    12 ||    35
 Cast: Necrotise         |    73 |    15 ||    88
       Animate Dead      |       |     1 ||     1
  Use: Scroll            |       |     3 ||     3
 Stab: Sleeping          |     1 |       ||     1
       Distracted        |       |     1 ||     1
Armor: Robe              |    14 |     5 ||    19
Dodge: Dodged            |    39 |    28 ||    67
